 Dungeon Crawl Stone Soup version 0.20-a0-317-gc038824 (webtiles) character file.

830 FitzyFitz the Fighter (level 7, -3/56 HPs)
             Began as an Octopode Warper on Dec 20, 2016.
             Slain by a sky beast (5 damage)
             ... on level 5 of the Dungeon.
             The game lasted 00:13:15 (4830 turns).

FitzyFitz the Fighter (Octopode Warper)             Turns: 4830, Time: 00:13:16

Health: -3/56      AC:  1    Str: 10    XL:     7   Next: 97%
Magic:  0/10       EV: 13    Int: 18    God:
Gold:   139        SH:  0    Dex: 11    Spells: 3/10 levels left

rFire  . . .     SeeInvis .     G - +0 hand axe (vamp)
rCold  . . .     Gourm    .     (no shield)
rNeg   + . .     Faith    .     (helmet restricted)
rPois  .         Spirit   +     w - amulet of guardian spirit
rElec  .         Reflect  .     r - ring of flight
rCorr  +         Harm     .     E - ring "Deicag" {rCorr rN+}
MR     .....                    (no ring)
Stlth  ++........               (no ring)
                                (no ring)
                                (no ring)
                                (no ring)
                                (no ring)

@: very slightly contaminated, hasted, very quick
A: almost no armour, stealthy swim, amphibious, 8 rings, constrict 8, camouflage
1, gelatinous body 1
a: Evoke Flight


You were on level 5 of the Dungeon.
You were not hungry.

You visited 1 branch of the dungeon, and saw 6 of its levels.

You collected 188 gold pieces.
You spent 49 gold pieces at shops.

Inventory:

Hand Weapons
 a - a +0 falchion
 e - a +0 spear
 q - a +3 spear
 G - a +0 vampiric hand axe (weapon)
Missiles
 d - 3 tomahawks of dispersal
 k - 2 tomahawks
 n - 160 stones (quivered)
 A - 2 javelins
Jewellery
 r - a ring of flight (left tentacle)
 t - an uncursed amulet of harm
 w - an amulet of guardian spirit (around mantle)
 E - the ring "Deicag" (right tentacle) {rCorr rN+}
   (You found it on level 4 of the Dungeon)

   [ring of resist corrosion]

   It protects you from negative energy.
Wands
 x - a wand of random effects (35/48)
 y - a wand of polymorph (17/24)
Scrolls
 c - a scroll of blinking
 h - 2 scrolls of immolation
 l - a scroll of amnesia
 p - 2 scrolls of magic mapping
 s - 2 scrolls of teleportation
 u - 2 scrolls of remove curse
 v - a scroll of recharging {unknown}
 z - a scroll of enchant armour {unknown}
 D - a scroll of fear
Potions
 j - a potion of flight
 m - a potion of haste
 o - a potion of might
 B - a potion of cancellation {unknown}
 C - a potion of curing {unknown}
Books
 b - a book of Spatial Translocations

   Spells                             Type                      Level
   a - Blink                          Translocation                2
   b - Shroud of Golubria             Charms/Translocation         2
   c - Lesser Beckoning               Translocation                3
   d - Portal Projectile              Translocation                3
   e - Teleport Other                 Translocation                3
   f - Passage of Golubria            Translocation                4
Comestibles
 f - 4 bread rations
 g - 3 beef jerkies
 i - a meat ration
 F - 5 chunks of flesh


   Skills:
 + Level 8.9 Fighting
 - Level 2.0 Long Blades
 - Level 1.0 Throwing
 - Level 2.3 Dodging
 - Level 2.0 Spellcasting
 - Level 3.0 Translocations


You had 3 spell levels left.
You knew the following spells:

 Your Spells              Type           Power        Failure   Level  Hunger
a - Blink                 Tloc           N/A          10%         2    ###....
b - Shroud of Golubria    Chrm/Tloc      #.........   14%         2    ###....
c - Lesser Beckoning      Tloc           ##........   17%         3    ###....


Dungeon Overview and Level Annotations

Branches:
Dungeon (6/15)
 Temple: D:4-7

Altars:
Gozag
Uskayaw
The Shining One

Shops:
D:4 ?


Innate Abilities, Weirdness & Mutations

You cannot wear most types of armour.
You are very stealthy in the water. (Stealth+)
You are amphibious.
You can wear up to eight rings at the same time.
You can use your tentacles to constrict eight enemies at once.
Your skin changes colour to match your surroundings (Stealth+).
Your rubbery body absorbs attacks. (AC +1, EV +1)


Message History

You barely miss the sky beast.
The sky beast is heavily wounded.
The sky beast closely misses you.
The sky beast flickers out of sight!
Deactivating autopickup; reactivate with Ctrl-A.
Something hits you. Something shocks you.
* * * LOW HITPOINT WARNING * * *
You barely miss something. Something hits you.
* * * LOW HITPOINT WARNING * * *
Something shocks you.
* * * LOW HITPOINT WARNING * * *
You feel yourself speed up. Something hits you but does no damage.
You are very lightly contaminated with residual magic.
You hit something but do no damage. Something hits you.
* * * LOW HITPOINT WARNING * * *
Something shocks you.
* * * LOW HITPOINT WARNING * * *
You miss something. Your squeeze misses something. Something hits you.
* * * LOW HITPOINT WARNING * * *
Something shocks you.
You die...

..#.# .... # #.# ....
#.# ### ### ..# #.
##.####.## #.........
#..# #.#
#.{####.##########
#.....##@.........<...#
#.###. #............#.#
# #........).#.#
#..........#.#
#..[.......#..
#####.####.###. #.# #.#
. #.# #.. # #.# ###.


There were no monsters in sight!

Vanquished Creatures
  Sigmund (D:3)
  A scorpion (D:5)
  A crimson imp (D:5)
  An orc priest (D:4)
  A centaur skeleton (D:3)
  An orc wizard (D:4)
  5 hounds
  Terence (D:2)
  2 iguanas (D:4)
  2 worker ants
  A hound skeleton (D:4)
  3 gnolls
  8 adders
  2 oozes
  4 dart slugs
  6 worms
  3 leopard geckos
  5 orcs
  2 giant cockroaches (D:4)
  9 goblins
  5 hobgoblins
  5 jackals (D:1)
  7 kobolds
  5 quokkas
  A ball python skeleton (D:4)
  7 bats
  4 frilled lizards
  A quokka skeleton (D:4)
  10 rats
104 creatures vanquished.

Notes
Turn   | Place    | Note
-------+----------+-------------------------------------------
     0 | D:1      | FitzyFitz the Octopode Warper began the quest for the Orb.
     0 | D:1      | Reached XP level 1. HP: 14/14 MP: 3/3
   117 | D:1      | Reached XP level 2. HP: 20/20 MP: 5/5
   342 | D:1      | Reached skill level 3 in Fighting
   628 | D:1      | Reached XP level 3. HP: 26/26 MP: 6/6
  1161 | D:2      | Reached skill level 4 in Fighting
  1389 | D:2      | Reached XP level 4. HP: 18/33 MP: 7/7
  1942 | D:2      | Noticed Terence
  2264 | D:2      | Reached skill level 5 in Fighting
  2264 | D:2      | Reached XP level 5. HP: 11/39 MP: 8/8
  2537 | D:2      | Killed Terence
  2896 | D:3      | Learned a level 2 spell: Blink
  2899 | D:3      | Learned a level 2 spell: Shroud of Golubria
  2903 | D:3      | Learned a level 3 spell: Lesser Beckoning
  3348 | D:3      | Noticed Sigmund
  3365 | D:3      | Killed Sigmund
  3365 | D:3      | Reached skill level 6 in Fighting
  3365 | D:3      | Reached XP level 6. HP: 41/47 MP: 7/9
  3690 | D:3      | Found an opulent altar of Gozag.
  3697 | D:3      | Found a hide-covered altar of Uskayaw.
  3824 | D:4      | Reached skill level 7 in Fighting
  3888 | D:4      | Reached XP level 7. HP: 45/54 MP: 7/10
  4024 | D:4      | Found Niggah's Magic Scroll Shoppe.
  4032 | D:4      | Bought a scroll of fear for 38 gold pieces
  4032 | D:4      | Bought a scroll of noise for 11 gold pieces
  4058 | D:4      | Found a glowing golden altar of the Shining One.
  4073 | D:4      | You fall through a shaft for 2 floors!
  4097 | D:6      | Noticed a two-headed ogre
  4173 | D:5      | Entered Level 5 of the Dungeon
  4438 | D:5      | Reached skill level 8 in Fighting
  4541 | D:4      | Got an ancient tin ring
  4543 | D:4      | Identified the ring "Deicag" {rCorr rN+} (You found it on level 4 of the Dungeon)
  4830 | D:5      | HP: 2/56 [something (2)]
  4830 | D:5      | Slain by a sky beast

Vault maps used:
D:1:      minmay_arrival_four_loops, bh_walls_and_bars
D:2:      kennysheep_generic_room_7, uniq_terence
D:3:      amethyst_overflow_temple_binary, roderic_bipointed_swastika,
          minmay_misc_feat_doors, uniq_sigmund
D:4:      nicolae_overflow_crystal_walls, first_bread, serial_shops, shop,
          minivault_23, corexii_corridor_pit
D:5:      led_sif_pool
D:6:      chequers_temple_overflow_minitemple, serial_glass, glass_columns_a,
          glass_columns_b, dk_noncrumbling_3, uniq_duvessa

Skill      XL: |  1  2  3  4  5  6  7 |
---------------+----------------------+-----
Fighting       | 3 4 5 6 7 8 |  8.9
Long Blades    | |  2.0
Throwing       | |  1.0
Dodging        | |  2.3
Spellcasting   | |  2.0
Translocations | |  3.0

Action                   |  1- 3 |  4- 6 |  7- 9 || total
-------------------------+-------+-------+-------++-------
Melee: Falchion          |    65 |   101 |    70 ||   236
       Constrict         |    28 |    25 |    25 ||    78
       Tentacles         |    16 |    24 |    22 ||    62
       Unarmed           |       |     6 |       ||     6
       Hand axe          |       |       |    26 ||    26
Throw: Tomahawk          |     2 |     3 |       ||     5
       Stone             |       |    10 |       ||    10
 Cast: Shroud of Golubri |       |     1 |       ||     1
  Use: Scroll            |     2 |     4 |     1 ||     7
       Potion            |       |     3 |     1 ||     4
 Stab: Sleeping          |     7 |     8 |       ||    15
  Eat: Chunk             |     1 |     8 |     3 ||    12
       Meat ration       |       |       |     1 ||     1
Armor: Skin              |     7 |     5 |     9 ||    21
Dodge: Dodged            |    45 |    54 |    77 ||   176
       Rpst.: Falchion   |    12 |    15 |    16 ||    43
